 Dungeon Crawl Stone Soup version 0.28-a0-948-gee6e0bcda6 (webtiles) character file.

Game seed: 17061329059686083408

86 BinkBink the Skirmisher (level 4, -4/29 HPs)
             Began as a Gargoyle Monk on Nov 30, 2021.
             Killed from afar by an orc wizard (8 damage)
             ... with a puff of flame
             ... on level 3 of the Dungeon.
             The game lasted 00:02:57 (2956 turns).

BinkBink the Skirmisher (Gargoyle Monk)             Turns: 2956, Time: 00:02:58

Health: -4/29      AC:  5    Str: 14    XL:     4   Next: 50%
Magic:  4/4        EV: 12    Int: 11    God:
Gold:   90         SH:  0    Dex: 13    Spells: 3/3 levels left

rFire   . . .      SeeInvis .   j - +2 whip (flame)
rCold   . . .      Faith    .   (no shield)
rNeg    + . .      Spirit   .   b - +0 robe
rPois   ∞          Reflect  .   (no helmet)
rElec   +          Harm     .   (no cloak)
rCorr   .          Rampage  .   (no gloves)
Will    .....                   (no boots)
Stlth   ++........              (no amulet)
HPRegen 0.09/turn               (no ring)
MPRegen 0.09/turn               (no ring)

@: no status effects
A: sickness immunity, AC +3, negative energy resistance 1, electricity
resistance, torment resistance 1, petrification resistance
a: no special abilities


You were on level 3 of the Dungeon.
You visited 1 branch of the dungeon, and saw 3 of its levels.

You collected 140 gold pieces.
You spent 50 gold pieces at shops.

Inventory:

Hand Weapons
 a - a +0 short sword
 j - a +2 whip of flaming (weapon)
Armour
 b - a +0 robe (worn)
Jewellery
 k - a ring of willpower
Scrolls
 c - a scroll of blinking {unknown}
 d - 2 scrolls of enchant weapon {unknown}
 f - a scroll of identify {unknown}
 g - a scroll of fog {unknown}
 h - a scroll of teleportation {unknown}
 i - a scroll of immolation {unknown}
 n - a scroll of torment {unknown}
Potions
 e - 2 potions of brilliance {unknown}
 l - 2 potions of heal wounds
 m - a potion of attraction {unknown}


   Skills:
 + Level 3.7 Fighting
 - Level 3.0 Short Blades
 * Level 1.6 Maces & Flails
 * Level 1.7 Armour
 + Level 3.0 Dodging
 - Level 2.1 Stealth


You had 3 spell levels left.
You didn't know any spells.
Your spell library contained the following spells:

 Spells                   Type           Power      Damage    Failure   Level
 Magic Dart               Conj           0%         1d3       34%         1
 Searing Ray              Conj           0%         2d4       47%         2
 Fulminant Prism          Conj/Hex       0%         3d6       98%         4


Dungeon Overview and Level Annotations

Branches:
Dungeon (3/15)

Altars:

Shops:
D:2 !

Annotations:
D:3 Terence


Innate Abilities, Weirdness & Mutations

You are immune to sickness and miasma.
Your stone body is resilient. (AC +3)
You are immune to poison.
You resist negative energy. (rN+)
You are resistant to electric shocks. (rElec)
You are resistant to unholy torment.
You are immune to petrification.


Message History

The orc wizard is heavily wounded.
The orc wizard hits you but does no damage.
The orc wizard misses you.
You closely miss the orc wizard.
The orc wizard is heavily wounded.
The orc wizard hits you with a +1 dagger of speed.
You hit the orc wizard. You burn the orc wizard.
The orc wizard is almost dead.
The orc wizard casts a spell at you. The magic dart hits you!
You whack the orc wizard! You burn the orc wizard.
You kill the orc wizard!
You hear some strange, mumbled words.
You are confused.
Your Dodging skill increases to level 3!
You bump into the rock wall.
You bump into the rock wall.
You hear some strange, mumbled words.
Something tries to affect you, but you resist.
You barely miss something.
You hear some strange, mumbled words.
Something tries to affect you, but you resist.
You feel less confused. Something hits you. The orc hits you with a +0 dagger.
You hit the orc but do no damage. Something hits you but does no damage.
The orc completely misses you. Something hits you.
You closely miss something. Something hits you.
You closely miss something. Something hits you but does no damage.
You whack something! You burn something. Something hits you but does no damage.
You closely miss something. Something hits you.
* * * LOW HITPOINT WARNING * * *
Something hits you.
* * * LOW HITPOINT WARNING * * *
You hit something. You burn something. Something hits you but does no damage.
You miss something.
You hear some strange, mumbled words.
A puff of flame appears from out of thin air!
The puff of flame hits you!
You die...

#############
#...........#
######.###.##.##@#
# #...##.#
#.##.##{#####....
#...##.#
#.##...o.))......
#...##.#
#.#####.####.....
.......# #.# #.#
... .......# #..
..# . .......# ###
#### #...####
.....##


You could see an orc.

Vanquished Creatures
  An orc wizard (D:3)
  3 adders (D:3)
  A dart slug (D:1)
  An orc (D:3)
  6 bats
  3 endoplasms
  2 giant cockroaches
  A goblin (D:2)
  4 hobgoblins
  A quokka (D:2)
  2 frilled lizards
  4 kobolds
  6 rats
35 creatures vanquished.

Notes
Turn   | Place    | Note
-------+----------+-------------------------------------------
     0 | D:1      | BinkBink the Gargoyle Monk began the quest for the Orb.
     0 | D:1      | Reached XP level 1. HP: 14/14 MP: 1/1
   354 | D:1      | Reached XP level 2. HP: 19/19 MP: 2/2
  1224 | D:2      | Found Plog's Distillery.
  1276 | D:2      | Bought a potion of heal wounds for 50 gold pieces
  1357 | D:2      | Reached skill level 1 in Armour
  1405 | D:2      | Reached XP level 3. HP: 14/23 MP: 3/3
  1849 | D:2      | Found a faded altar of an unknown god.
  2476 | D:3      | Reached skill level 1 in Maces & Flails
  2550 | D:3      | Noticed Terence
  2788 | D:3      | Reached XP level 4. HP: 26/29 MP: 4/4
  2956 | D:3      | Killed from afar by an orc wizard

Illustrated notes

Levels and vault maps discovered:
D:1:      enne_arrival_octagon_isle, layout_basic
D:2:      layout_loops_corners, ebering_ecumenical_altar_mist, serial_shops,
          shop
D:3:      layout_loops_ring, nicolae_concentric_dashed_squares_mild,
          uniq_terence

Skill      XL: |  1  2  3  4 |
---------------+-------------+-----
Short Blades   | 3 |  3.0
Armour         | 1 |  1.7
Maces & Flails | 1 |  1.6
Dodging        | 3 |  3.0
Fighting       | |  3.7
Stealth        | |  2.1

Action                   |  1- 3 |  4- 6 || total
-------------------------+-------+-------++-------
Melee: Short sword       |    63 |       ||    63
       Whip              |    60 |    20 ||    80
 Stab: Sleeping          |     3 |       ||     3
       Distracted        |     1 |       ||     1
Armor: Robe              |    40 |     5 ||    45
Dodge: Dodged            |    86 |     5 ||    91

Table legend: (Time is in decaauts)
 A = Elapsed time spent in this place.
 B = Non-inter-level travel time spent in this place.
 C = Inter-level travel time spent in this place.
 D = Time resting spent in this place.
 E = Time spent auto-exploring this place.
 F = Levels seen in this place.
 G = Mean time per level.
                   A        B        C        D        E       F      G
               +--------+--------+--------+--------+--------+-----+--------+
         Total |   2958 |   2842 |    116 |      0 |   2510 |   3 |  986.0 |
       Dungeon |   2958 |   2842 |    116 |      0 |   2510 |   3 |  986.0 |
               +--------+--------+--------+--------+--------+-----+--------+

Top non-repeatable levels by time:
     D:2: 1359 daAuts
     D:1: 1127 daAuts
     D:3: 471 daAuts
